 Dungeon Crawl Stone Soup version 0.30-a0-43-gbbf338a72c (webtiles) character file.

Game seed: 6898388982095568191

9 ytrimaz the Insei (level 2, -1/18 HPs)
             Began as an Octopode Transmuter on Aug 31, 2022.
             Slain by a kobold
             ... wielding a +0 short sword
              (4 damage)
             ... on level 1 of the Dungeon.
             The game lasted 00:00:14 (335 turns).

ytrimaz the Insei (Octopode Transmuter)              Turns: 335, Time: 00:00:14

Health: -1/18      AC:  1    Str:  9    XL:     2   Next: 12%
Magic:  4/5        EV: 13    Int: 15    God:
Gold:   14         SH:  0    Dex: 12    Spells: 4/5 levels left

rFire   . . .      SeeInvis .      - Unarmed
rCold   . . .      Faith    .    (no shield)
rNeg    . . .      Spirit   .    (helmet currently unavailable)
rPois   .          Reflect  .    (no amulet)
rElec   .          Harm     .    (no ring)
rCorr   .          Rampage  .    (no ring)
Will    .....                    (no ring)
Stlth   ++........               (no ring)
HPRegen 0.06/turn                (no ring)
MPRegen 0.09/turn                (no ring)
                                 (no ring)
                                 (no ring)

@: appendages
A: tentacle spike 3, almost no armour, amphibious, 8 rings, camouflage 1,
gelatinous body 1, (nimble swimmer 1), tentacles
a: End Transformation


You were on level 1 of the Dungeon.
One of your tentacles had grown a beastly spike.
You visited 1 branch of the dungeon, and saw 1 of its levels.

You collected 14 gold pieces.


Innate Abilities, Weirdness & Mutations

One of your tentacles has grown a beastly spike.
You cannot wear most types of armour.
You are amphibious.
You can wear up to eight rings at the same time.
Your skin changes colour to match your surroundings (Stealth+).
Your rubbery body absorbs attacks. (AC +1, EV +1)
((You are camouflaged when in or above water. (Stealth+)))
You have tentacles for arms and can constrict up to eight enemies at once.


   Skills:
 + Level 1.2 Fighting
 + Level 2.1 Dodging
 + Level 3.1 Unarmed Combat
 + Level 2.1 Spellcasting
 + Level 2.1 Transmutations


You had 4 spell levels left.
You knew the following spells:

 Your Spells              Type           Power      Damage    Failure   Level
a - Beastly Appendage     Tmut           16%        N/A       9%          1

Your spell library contained the following spells:

 Spells                   Type           Power      Damage    Failure   Level
 Wereblood                Tmut           8%         N/A       14%         2
 Sandblast                Erth           2%         2d4       22%         1
 Passwall                 Tmut/Erth      3%         N/A       22%         2
 Spider Form              Tmut/Pois      4%         N/A       38%         3
 Stone Arrow              Conj/Erth      2%         3d7       54%         3
 Ice Form                 Ice/Tmut       4%         N/A       80%         4

Inventory:

Potions
 a - a potion of lignification {!q}

Dungeon Overview and Level Annotations

Branches:
Dungeon (1/15) Zot: 5666

Altars:

######## ...#.
#......# .... #
#......# ..# #
#......# ...# # #
#......####.#.#.# #
#..†........#.#.#
####......##.###gKK#
..†.#.#.........@#
###.#.#.####.###.#
..#.#.#....# #.#
..##.#...#### #.#
... #.... #.# #.#
#...## #.# #. ....#
#.# #. ... #.#


You could see a goblin and 2 kobolds.


Message History

A quokka comes into view.
An endoplasm comes into view.
The endoplasm quivers.
Unknown command.
A hobgoblin comes into view.
The helpless ball python fails to defend itself.
You tentacle-slap the ball python.
You kill the ball python!
Unknown command.
The endoplasm attacks as you move away! The endoplasm barely misses you.
The endoplasm attacks as you move away! The endoplasm hits you.
The quokka attacks as you move away! The quokka bites you. 😕 HP[-3]
You take 3 damage, and now have 10/13 hp.
MASSIVE DAMAGE!! (PAUSE)
The endoplasm attacks as you move away! The endoplasm hits you. 😮 HP[-3]
You take 3 damage, and now have 7/13 hp.
MASSIVE DAMAGE!! (PAUSE)
You tentacle-slap the endoplasm. The endoplasm misses you.
You tentacle-slap the endoplasm but do no damage.
The endoplasm freezes you.
You are frozen.
* * * LOW HITPOINT WARNING * * *
😨 HP[-2]
You take 2 damage, and now have 5/13 hp.
Unknown command.
You tentacle-slap the endoplasm.
You kill the endoplasm!
You tentacle-slap the quokka.
You kill the quokka!
You have reached level 2! 😨 HP[+2] MP[+2]
You now have 18 max hp (+5).
You regained 2 hp, and now have 7/18 hp.
Your mp is fully restored (5).
Key pressed, stopping explore.
Key pressed, stopping explore.
You see here a quokka corpse.
Unknown command. 😎 HP[+11]
Your hp is fully restored (18).
A hobgoblin is nearby!
Unknown command.
A hobgoblin is nearby!
One of your tentacles grows a vicious spike. 😎 MP[-1]
You lost 1 mp, and now have 4/5 mp.
Unknown command.
The helpless hobgoblin fails to defend itself.
You tentacle-slap the hobgoblin. You grab the hobgoblin.
You pierce the hobgoblin.
You tentacle-slap the hobgoblin, but do no damage.
You squeeze the hobgoblin, but do no damage.
You constrict the hobgoblin, but do no damage.
The hobgoblin closely misses you.
You tentacle-slap the hobgoblin.
You kill the hobgoblin!
Your transformation is almost over.
You pick up a book of Geomancy and begin reading...
You add the spells Sandblast, Passwall and Stone Arrow to your library. 😎 MP[+1]
Your mp is fully restored (5).
No target in view!
A kobold comes into view. It is wielding a +0 short sword.
A kobold is nearby!
You extend your transformation's duration. 😎 MP[-1]
You lost 1 mp, and now have 4/5 mp.
The kobold shouts!
You hear a shout! x2
A goblin comes into view. It is wielding a +0 dagger.
You hear a shout!
The kobold throws a stone.
The stone hits you.
The goblin hits you with a +0 dagger. 😕 HP[-3]
You take 3 damage, and now have 15/18 hp.
The kobold hits you with a +0 short sword.
A kobold comes into view. It is wielding a +0 dagger.
The goblin barely misses you. 😮 HP[-3]
You take 3 damage, and now have 12/18 hp.
You are too injured to fight recklessly!
You tentacle-slap the kobold. Your grab misses the kobold.
You pierce the kobold.
Your squeeze misses the kobold.
The kobold hits you with a +0 short sword.
* * * LOW HITPOINT WARNING * * *
The goblin completely misses you. 😨 HP[-5]
You take 5 damage, and now have 7/18 hp.
MASSIVE DAMAGE!! (PAUSE)
You barely miss the kobold. You grab the kobold. You constrict the kobold.
The kobold hits you with a +0 short sword.
* * * LOW HITPOINT WARNING * * *
The goblin misses you. 😱 HP[-4]
You take 4 damage, and now have 3/18 hp.
MASSIVE DAMAGE!! (PAUSE)
You release your grip on the kobold.
The kobold attacks as you move away!
The kobold hits you with a +0 short sword.
You die...

Action                   || total
-------------------------++-------
Melee: Unarmed           ||    14
       Kick              ||     5
       Constrict         ||     4
       Tentacles         ||     2
       Punch             ||     1
 Cast: Beastly Appendage ||     3
 Stab: Sleeping          ||     2
Armor: Skin              ||     1
Dodge: Dodged            ||    10

Levels and vault maps discovered:
D:1:      dpeg_chamrin_arrival_tetris, layout_basic

Notes
Turn   | Place    | Note
-------+----------+-------------------------------------------
     0 | D:1      | ytrimaz the Octopode Transmuter began the quest for the
                  | Orb.
     0 | D:1      | Reached XP level 1. HP: 13/13 MP: 3/3
     0 | D:1      | magus.rc [v1.9.6]
   145 | D:1      | Reached XP level 2. HP: 7/18 MP: 5/5
   326 | D:1      | You pick up a book of Geomancy and begin reading...
   326 | D:1      | You add the spells Sandblast, Passwall and Stone Arrow to
                  | your library.
   334 | D:1      | HP: 3/18 [kobold/+0 short sword (4)]
   335 | D:1      | Slain by a kobold

Vanquished Creatures
  2 ball pythons (D:1)
  An endoplasm (D:1)
  A giant cockroach (D:1)
  A hobgoblin (D:1)
  A quokka (D:1)
  A rat (D:1)
7 creatures vanquished.

Table legend:
 A = Non-vault XP
 B = Vault XP
 C = Vault XP percentage of total XP
 D = Non-vault monster count
 E = Vault monster count
 F = Vault count percentage of total count
                 A         B        C        D         E       F
            +---------+---------+-------+---------+---------+-------
      Total |      13 |       0 |   0.0 |       7 |       0 |   0.0
            +---------+---------+-------+---------+---------+-------
        D:1 |      13 |       0 |   0.0 |       7 |       0 |   0.0
            +---------+---------+-------+---------+---------+-------

Illustrated notes

Table legend:
 A = Kills in this place as a percentage of kills in entire the game.
 B = Kills by you in this place as a percentage of kills by you in the entire game.
 C = Kills by friends in this place as a percentage of kills by friends in the entire game.
 D = Other kills in this place as a percentage of other kills in the entire game.
 E = Experience gained in this place as a percentage of experience gained in the entire game.
 F = Experience gained in this place divided by the number of levels of this place that you have seen.
                   A       B       C       D       E      F
               +-------+-------+-------+-------+-------+----------------------
         Total | 100.0 | 100.0 |   N/A |   N/A | 100.0 |  13.0
       Dungeon | 100.0 | 100.0 |   N/A |   N/A | 100.0 |  13.0
               +-------+-------+-------+-------+-------+----------------------

Table legend: (Time is in decaauts)
 A = Elapsed time spent in this place.
 B = Non-inter-level travel time spent in this place.
 C = Inter-level travel time spent in this place.
 D = Time resting spent in this place.
 E = Time spent auto-exploring this place.
 F = Levels seen in this place.
 G = Mean time per level.
                   A        B        C        D        E       F      G
               +--------+--------+--------+--------+--------+-----+--------+
         Total |    334 |    334 |      0 |      0 |    281 |   1 |  334.0 |
       Dungeon |    334 |    334 |      0 |      0 |    281 |   1 |  334.0 |
               +--------+--------+--------+--------+--------+-----+--------+

Top non-repeatable levels by time:
     D:1: 334 daAuts
